 Dungeon Crawl Stone Soup version 0.29.1-12-g30fa7ad0bf (webtiles) character file.

Game seed: 1858806825138520682

448 Melonyan the Ducker (level 6, -2/43 HPs)
             Began as a Draconian Transmuter on Dec 28, 2022.
             Was a Priest of Hepliaklqana.
             Killed by divine providence
             ... invoked by an orc priest
              (12 damage)
             ... on level 5 of the Dungeon.
             The game lasted 00:51:29 (4868 turns).

Melonyan the Ducker (Draconian Transmuter)          Turns: 4868, Time: 00:51:37

Health: -2/43      AC:  7    Str: 14    XL:     6   Next: 73%
Magic:  7/10       EV: 13    Int: 13    God:    Hepliaklqana [***...]
Gold:   233        SH:  0    Dex: 12    Spells: 4/10 levels left

rFire   . . .      SeeInvis .   D - +2 hand axe (vorpal)
rCold   . . .      Faith    .   (no shield)
rNeg    . . .      Spirit   .   (body armour unavailable)
rPois   +          Reflect  .   (helmet restricted)
rElec   .          Harm     .   (no cloak)
rCorr   .          Rampage  .   v - +0 pair of gloves
Will    .....                   (no boots)
Stlth   ++........              (no amulet)
HPRegen 0.14/turn               z - ring of poison resistance
MPRegen 0.12/turn               (no ring)

@: very slightly contaminated
A: reduced essence, AC +6, unfitting armour, cold-blooded
a: Renounce Religion, Recall Ancestor, Ancestor Identity, Transference


You were on level 5 of the Dungeon.
You worshipped Hepliaklqana.
Hepliaklqana was most pleased with you.
You visited 1 branch of the dungeon, and saw 5 of its levels.

You collected 266 gold pieces.
You spent 33 gold pieces at shops.

Inventory:

Hand Weapons
 d - a +0 club
 f - a +0 club
 g - a +0 dagger
 h - a +0 dagger
 j - a +0 whip
 k - a +0 dagger
 r - a +0 short sword
 A - a +0 whip
 C - a +0 hand axe
 D - a +2 vorpal hand axe (weapon)
 H - a +0 mace of holy wrath
 I - a +3 dagger
Missiles
 e - 22 stones
 x - 5 boomerangs
Armour
 i - a +0 leather armour
 v - a +0 pair of gloves (worn)
 B - a +0 ring mail
 E - a +0 leather armour
Jewellery
 z - a ring of poison resistance (left hand)
Wands
 y - a wand of flame (6) (quivered)
Scrolls
 b - a scroll of teleportation {unknown}
 c - 3 scrolls of identify {unknown}
 m - a scroll of noise {unknown}
 n - a scroll of vulnerability {unknown}
 o - a scroll of magic mapping {unknown}
 p - a scroll of enchant weapon {unknown}
 q - a scroll of poison {unknown}
 s - a scroll of amnesia {unknown}
 t - a scroll of fear {unknown}
 G - a scroll of enchant armour {unknown}
Potions
 a - 2 potions of lignification
 l - 2 potions of flight {unknown}
 u - 2 potions of heal wounds {unknown}
 w - a potion of curing
 F - a potion of haste {unknown}
 J - a potion of ambrosia {unknown}


   Skills:
 + Level 2.2 Fighting
 + Level 1.1 Short Blades
 + Level 1.9(2.4) Axes
 + Level 2.1(2.5) Maces & Flails
 + Level 3.5 Dodging
 + Level 1.4 Stealth
 + Level 3.3 Unarmed Combat
 + Level 2.8 Spellcasting
 + Level 3.1 Transmutations
 + Level 1.5 Evocations


You had 4 spell levels left.
You knew the following spells:

 Your Spells              Type           Power      Damage    Failure   Level
a - Beastly Appendage     Tmut           18%        N/A       7%          1
b - Wereblood             Tmut           9%         N/A       10%         2
c - Gell's Gravitas       Tloc           1%         N/A       56%         3

Your spell library contained the following spells:

 Spells                   Type           Power      Damage    Failure   Level
 Shock                    Conj/Air       4%         1d3       24%         1
 Poisonous Vapours        Pois/Air       2%         N/A       34%         2
 Spider Form              Tmut/Pois      5%         N/A       36%         3
 Dazzling Flash           Conj/Hex       2%         N/A       56%         3
 Swiftness                Air            1%         N/A       56%         3
 Teleport Other           Tloc           1%         N/A       56%         3
 Ice Form                 Ice/Tmut       5%         N/A       77%         4
 Airstrike                Air            0%         2d(1-17)  93%         4
 Corpse Rot               Necr/Pois/Air  1%         N/A       93%         4
 Agony                    Necr           1%         N/A       100%        5
 Silence                  Hex/Air        0%         N/A       100%        5
 Dispersal                Tloc           0%         N/A       100%        6


Dungeon Overview and Level Annotations

Branches:
Dungeon (5/15)             Temple (0/1) D:4

Altars:
Hepliaklqana
Wu Jian
Zin
The Shining One

Shops:
D:2 !


Innate Abilities, Weirdness & Mutations

Your life essence is reduced to manifest your ancestor. (-10% HP)
Your plain brown scales are hard. (AC +6)
You cannot fit into any form of body armour.
You are cold-blooded and may be slowed by cold attacks.


Message History

An orc comes into view. It is wielding a +0 club.
An orc priest comes into view. It is wielding a +0 hand axe.
Aula hits the orc with a +0 quarterstaff!
The orc dies!
The orc moves out of view.
There are monsters nearby!
The howler monkey howls!
The orc shouts!
The orc priest shouts!
You hear an angry hiss.
You hear a bark!
You hear a shout! x2
A hound comes into view.
There is an open door here.
You closely miss the orc. The orc hits you with a +0 club.
You hit the orc.
The orc is severely wounded.
You hit the orc priest but do no damage.
The orc barely misses you.
The orc priest hits you but does no damage.
You hit the orc.
You kill the orc!
You closely miss the orc priest.
The orc priest hits you with a +0 hand axe.
Aula casts a spell at the orc priest.
The stone arrow hits the orc priest!
You hit the orc priest.
The orc priest is almost dead.
The orc priest calls down the wrath of Beogh upon you.
Pain shoots through your body!
* * * LOW HITPOINT WARNING * * *
The orc priest hits you but does no damage.
Casting: Wereblood (safe; 10% risk of failure)
Confirm with . or Enter, or press ? or * to list all spells.
The spell is quite dangerous to miscast (56% risk of failure)!
Continue anyway?
Aiming: Gell's Gravitas (quite dangerous; 56% risk of failure)
Press: ? - help, Dir - move target You miscast Gell's Gravitas.
You are very lightly contaminated with residual magic.
Nothing appears to happen.
The orc priest invokes the aid of Beogh against you.
Beogh smites you!
You die...

#######.# ##...
######.......# ##
#......######## #
#.###### #.. .## #.#
#.# #.' ##.# #..... #
# #..# #.#.#.#.##
###.## #)oh..#o.
#...## ##@######
.....##########.R)...#
..............#.#..#.#
......######.##......#
......# #.##......#
.....## #)##.#..#.#..+
#...## #.##......#h.#
##### #.##)#########
#....#


You could see the friendly Aula the battlemage, a hound and an orc priest (ally
target).

Vanquished Creatures
  An ogre (D:5)
  A jelly (D:4)
  2 orc wizards
  4 adders
  8 orcs
  4 endoplasms (D:1)
  2 giant cockroaches (D:1)
  6 goblins
  7 hobgoblins
  6 jackals (D:1)
  A kobold (D:1)
  6 quokkas
  2 ball pythons
  4 bats
  4 rats (D:1)
58 creatures vanquished.

Vanquished Creatures (collateral kills)
  An orc priest (D:4)
  Jessica (D:3)
  An iguana (D:5)
  An orc wizard (D:5)
  2 adders
  2 worms
  10 orcs
  2 ball pythons (D:2)
  2 bats (D:2)
  2 endoplasms (D:4)
  A giant cockroach (D:4)
  4 goblins
  2 hobgoblins
  3 jackals (D:3)
  4 kobolds
  2 rats
40 creatures vanquished.

Grand Total: 98 creatures vanquished

Notes
Turn   | Place    | Note
-------+----------+-------------------------------------------
     0 | D:1      | Melonyan the Draconian Transmuter began the quest for the
                  | Orb.
     0 | D:1      | Reached XP level 1. HP: 16/16 MP: 3/3
   291 | D:1      | Reached XP level 2. HP: 16/23 MP: 5/5
   597 | D:1      | Reached XP level 3. HP: 12/28 MP: 6/6
   999 | D:1      | Found a faded altar of an unknown god.
  1009 | D:1      | Prayed at the altar of an unknown god.
  1009 | D:1      | Became a worshipper of Hepliaklqana the Forgotten
  1009 | D:1      | Reached * piety under Hepliaklqana
  1755 | D:2      | Reached skill level 1 in Maces & Flails
  1858 | D:2      | Learned a level 2 spell: Wereblood
  2085 | D:2      | Reached ** piety under Hepliaklqana
  2092 | D:2      | Remembered your ancestor Aula as a battlemage
  2177 | D:2      | Found a glowing golden altar of the Shining One.
  2191 | D:2      | Reached XP level 4. HP: 29/31 MP: 2/7
  2281 | D:2      | Found Iqouqaat's Distillery.
  2287 | D:2      | Bought a potion of curing for 33 gold pieces
  2458 | D:3      | Noticed Jessica
  2479 | D:3      | Killed Jessica
  2883 | D:3      | Reached XP level 5. HP: 36/36 MP: 8/8
  3371 | D:3      | Learned a level 3 spell: Gell's Gravitas
  3422 | D:4      | Found a staircase to the Ecumenical Temple.
  3544 | D:4      | Found an ornate altar of the Wu Jian Council.
  3988 | D:4      | Reached skill level 1 in Stealth
  4203 | D:4      | Reached *** piety under Hepliaklqana
  4221 | D:4      | Found a glowing silver altar of Zin.
  4235 | D:4      | Reached XP level 6. HP: 36/43 MP: 10/10
  4417 | D:4      | Reached skill level 1 in Short Blades
  4720 | D:5      | Entered Level 5 of the Dungeon
  4783 | D:5      | Reached skill level 1 in Evocations
  4795 | D:5      | Reached skill level 1 in Axes
  4868 | D:5      | Killed from afar by an orc priest

Illustrated notes

Levels and vault maps discovered:
D:1:      amcnicky_arrival_underground_garden, layout_basic,
          basic_ecumenical_altar
D:2:      minmay_inner_zag, layout_loops_ring, basic_altar, serial_shops, shop
D:3:      layout_basic, uniq_jessica
D:4:      layout_basic, nzn_wu_jian_council_hall, mainiacjoe_overflow_24_doors,
          temple_pool_b, kennysheep_small_spiral
D:5:      minmay_clustersquares, layout_rooms, regret_index_temple_of_mockery,
          general_overflow_altar, roderic_serpentine_path

Skill      XL: |  1  2  3  4  5  6 |
---------------+-------------------+-----
Dodging        | 2 3 |  3.5
Maces & Flails | 1 2 |  2.1
Fighting       | 2 |  2.2
Stealth        | 1 |  1.4
Transmutations | 3 |  3.1
Short Blades   | 1 |  1.1
Evocations     | 1 |  1.5
Axes           | 1 |  1.9
Unarmed Combat | |  3.3
Spellcasting   | |  2.8

Action                   |  1- 3 |  4- 6 || total
-------------------------+-------+-------++-------
Melee: Unarmed           |    30 |       ||    30
       Club              |   161 |     5 ||   166
       Kick              |     7 |       ||     7
       Tailslap          |    16 |     9 ||    25
       Punch             |     7 |     3 ||    10
       Headbutt          |     1 |       ||     1
       Short sword       |       |    36 ||    36
       Hand axe          |       |    51 ||    51
 Cast: Beastly Appendage |     5 |       ||     5
       Wereblood         |     1 |     4 ||     5
Invok: Ancestor Life: Ba |     1 |       ||     1
       Ancestor Identity |     1 |       ||     1
Evoke: Wand              |       |     7 ||     7
  Use: Potion            |       |     1 ||     1
 Stab: Distracted        |       |     1 ||     1
Armor: Skin              |    63 |    30 ||    93
Dodge: Dodged            |   180 |    47 ||   227
